 Dungeon Crawl Stone Soup version 0.17-a0-1011-gfa70bdd (webtiles) character file.

127434 Gorice the Markscentaur (level 16, -12/163 HPs)
             Began as a Centaur Assassin on May 9, 2015.
             Was a High Priest of Okawaru.
             Mangled by a salamander
             ... wielding a +0 glaive
              (14 damage)
             ... on level 1 of the Snake Pit on May 13, 2015.
             The game lasted 05:32:49 (45154 turns).

Gorice the Markscentaur (Centaur Assassin)         Turns: 45154, Time: 05:32:49

Health: -12/163    AC: 22    Str: 17    XL:     16   Next: 46%
Magic:  0/22       EV:  3    Int: 14    God:    Okawaru [*****.]
Gold:   2096       SH:  0    Dex: 13    Spells: 0 memorised, 15 levels left

rFire  . . .     SeeInvis +     b - +5 longbow of Righteous Fury {freeze, rPois}
rCold  + . .     Clarity  .     A - +1 shadow dragon armour
rNeg   + . .     SustAb   +     (no shield)
rPois  +         Gourm    .     m - +0 helmet
rElec  .         Spirit   +     u - +1 cloak
rCorr  .         Warding  .     w - +0 pair of gloves
rMut   .         Stasis   .     (no barding)
MR     +....                    H - amulet of Grace {Spirit +Inv rPois rC+ rN+}
Stlth  ++........               v - ring of teleport control
                                V - ring of Birdsong {SustAb rPois Int+4 Dex-2 SInv}

@: about to teleport, constricted, very quick, somewhat resistant to hostile
enchantments, unstealthy
A: hooves 3, molten scales 1, slimy green scales 1, deformed body, speed 2,
robust 1, tough skin 3
a: Heroism, Finesse, Renounce Religion, Evoke Invisibility, Evoke Teleport
Control


You were on level 1 of the Snake Pit.
You worshipped Okawaru.
Okawaru was extremely pleased with you.
You were hungry.

You visited 5 branches of the dungeon, and saw 29 of its levels.
You visited the Abyss 1 time.
You also visited: Labyrinth and Ossuary.

You collected 2709 gold pieces.
You spent 613 gold pieces at shops.

Inventory:

Hand weapons
 a - a +1 scimitar of flaming
   (You took it off Erica on level 9 of the Dungeon)
 b - the +5 longbow of Righteous Fury (weapon) {freeze, rPois}
   (You acquired it on level 1 of the Lair of Beasts)

   It causes projectiles fired from it to freeze those they strike, causing
   extra injury to most foes and up to half again as much damage against
   particularly susceptible opponents.
   They can also slow down cold-blooded creatures.
   It protects you from poison.
 e - a +2 shortbow of evasion
   (You took it off a centaur on level 8 of the Dungeon)
 B - a +4 blowgun
Missiles
 f - 21 curare-tipped needles
 i - 115 arrows (quivered)
 n - 22 poisoned arrows
 L - 8 poisoned needles
 Q - 89 arrows of flame
 X - 30 arrows of dispersal
Armour
 m - a +0 helmet (worn)
 u - a +1 cloak (worn)
 w - a +0 pair of gloves (worn)
 A - a +1 shadow dragon armour (worn)
Jewellery
 v - a ring of teleport control (right hand)
 y - an uncursed amulet of resist corrosion
 H - the amulet of Grace (around neck) {Spirit +Inv rPois rC+ rN+}
   (You found it on level 5 of the Dungeon)

   [amulet of guardian spirit]

   It causes incoming damage to be split between your health and magic.
   It protects you from cold.
   It protects you from poison.
   It protects you from negative energy.
   It lets you turn invisible.
 O - an uncursed ring of teleportation
 V - the ring of Birdsong (left hand) {SustAb rPois Int+4 Dex-2 SInv}
   (You bought it in a shop on level 9 of the Dungeon)

   [ring of sustain abilities]

   It sustains your strength, intelligence and dexterity.
   It affects your intelligence (+4).
   It affects your dexterity (-2).
   It protects you from poison.
   It enhances your eyesight.
Magical devices
 o - a wand of paralysis (13)
 D - a wand of lightning (8)
 N - a wand of disintegration (3)
 U - a wand of flame (28)
Scrolls
 d - a scroll of recharging
 j - 5 scrolls of remove curse
 t - a scroll of brand weapon
 x - 2 scrolls of fear {!r}
 E - 6 scrolls of teleportation {!r}
 J - 2 scrolls of blinking
Potions
 k - 2 potions of resistance {unknown}
 l - 3 potions of agility {!q}
 p - 2 potions of ambrosia {!q}
 q - 3 potions of lignification {!q}
 r - 2 potions of curing
 s - 3 potions of invisibility {!q}
 C - 2 potions of berserk rage
 G - 2 potions of heal wounds {!q}
 I - 5 potions of haste {!q}
 M - 2 potions of might {!q}
 S - a potion of cure mutation {unknown}
Miscellaneous
 c - a fan of gales
Comestibles
 g - 14 bread rations {!e}
 h - 30 fruits
 z - a meat ration {!e}
 F - 3 chunks of flesh
 K - a beef jerky


   Skills:
 - Level 15.0 Fighting
   Level 6.0(10.7) Short Blades
 - Level 13.6(14.0) Long Blades
 - Level 15.2 Bows
 - Level 2.6 Throwing
 * Level 11.3 Armour
 - Level 0.6 Dodging
 - Level 2.6 Stealth
 - Level 8.2 Invocations


You had 15 spell levels left.
You didn't know any spells.

Dungeon Overview and Level Annotations

Branches:
Dungeon (15/15)            Temple (1/1) D:6            Lair (8/8) D:11
  Swamp (0/4) Lair:6        Snake (1/4) Lair:5        Slime (0/6) Lair:7
    Orc (4/4) D:9             Elf (0/3) Orc:3        Vaults (0/5) D:13
 Depths (0/5) D:15

Altars:
Ashenzari
Cheibriados
Dithmenos
Elyvilon
Fedhas
Gozag
Kikubaaqudgha
Makhleb
Nemelex Xobeh
Okawaru
Qazlal
Ru
Sif Muna
Trog
Vehumet
Xom
Yredelemnul
Zin
The Shining One
Beogh

Shops:
D:9 =   D:11 [   Orc:1 :   Orc:4 *([:

Annotations:
D:9 Psyche
D:14 pUX: walled vault at TR needs dig to get in?


Innate Abilities, Weirdness & Mutations

You have hooves in place of feet.
Armour fits poorly on your strangely shaped body.
You cover ground very quickly.
You have extremely tough skin (AC +3).
You are partially covered in molten scales (AC +1).
You are partially covered in slimy green scales (AC +2).
You are robust (+10% HP).


Message History

The naga hits you from afar with a glaive.
* * * LOW HITPOINT WARNING * * *
The guardian serpent weaves intricate patterns with the tip of its tongue.
The naga blinks into view!
The naga hits you but does no damage. The naga grabs you.
The naga constricts you.
Damage: 19 (max 27) Read which item? (? for menu, Esc to quit)
Really read
E - 7 scrolls of teleportation {!r}?
As you read the scroll of teleportation {!r}, it crumbles to dust.
You feel strangely unstable. The naga warrior barely misses you.
The salamander hits you but does no damage.
The naga hits you with a hand axe.
* * * LOW HITPOINT WARNING * * *
The naga constricts you.
Damage: 3 (max 27) Firing (i - inventory. (,) - cycle):
i - 118 arrows (quivered)
Press: ? - help, Shift-Dir - straight line, f/p - guardian serpent
Aim: a guardian serpent You shoot an arrow.
The arrow closely misses the naga.
The arrow hits the salamander!
The arrow freezes the salamander.
The salamander is lightly wounded.
The naga warrior hits you but does no damage.
The naga hits you from afar with a glaive.
* * * LOW HITPOINT WARNING * * *
The salamander barely misses you.
Damage: 4 (max 27) Firing (i - inventory. (,) - cycle):
i - 117 arrows (quivered)
Press: ? - help, Shift-Dir - straight line, f - naga
Aim: a naga, wielding a hand axe and wearing a robe (constricting you)
You shoot an arrow. The arrow hits the naga!
The arrow freezes the naga!
The naga is almost dead.
The naga warrior hits you but does no damage.
The naga spits poison at you. The splash of poison hits you! You resist.
* * * LOW HITPOINT WARNING * * *
The naga constricts you. The naga completely misses you.
Damage: 2 (max 27) Firing (i - inventory. (,) - cycle):
i - 116 arrows (quivered)
Press: ? - help, Shift-Dir - straight line, f/p - naga
Aim: a naga, wielding a hand axe and wearing a robe (severely wounded, constricting you, catching its breath)
You shoot an arrow. The arrow closely misses the naga.
The arrow hits the naga!
The arrow freezes the naga.
The naga is heavily wounded.
The naga warrior hits you from afar with a spear.
* * * LOW HITPOINT WARNING * * *
The naga hits you with a hand axe.
* * * LOW HITPOINT WARNING * * *
The naga constricts you.
The salamander hits you from afar with a glaive!
You die...

≈(≈.. ...$.>.(##...####.###
≈(≈..####.....#.(...<....[.†.###
.)≈..#...#....#..#....###.##)†.##
≈≈≈.......... ##..>...###.##.....
.......(...# ##.....##..##.....
.$?...(....######N..###..........
.....(.....#.(((.NN(..†..#####..#
....(....#.(.####NN.#...#####....
>..........### #@#§...........#.#
.......###.########..............
.................................
.#..##...^......###...##.....÷...
.#.# ###)...?.........##....####.
#. #.........##...##...## #. ..
#........###.....#### #. ..
#........#.....#.### #.
##.......#.....#...# ##


You could see a naga warrior, a salamander and 3 nagas.

Vanquished Creatures
  Agnes (D:15)
  Frances (D:13)
  An orc warlord (Orc:4)
  A dire elephant (D:15)
  A minotaur (Lab)
  The ghost of emiel the Grappler, a powerful TrMo (Lair:6)
  4 vault guards (D:13)
  Erolcha (D:9)
  Fannar (D:10)
  A naga warrior (Snake:1)
  14 hydras
  An anaconda (Snake:1)
  3 centaur warriors
  An ogre mage (Orc:1)
  Erica (D:9)
  A catoblepas (D:14)
  2 tengu warriors
  A death yak (Lair:8)
  2 orc high priests (Orc:4)
  A queen ant (Lair:6)
  Urug (D:11)
  Sonja (D:15)
  A wretched star (Abyss:1)
  A fire crab (Lair:8)
  5 skeletal warriors
  5 unseen horrors
  A wizard (D:14)
  2 hill giants
  A wolf spider zombie (D:14)
  2 naga ritualists (Snake:1)
  4 orc knights
  2 cyclopes
  3 oklob plants
  A lindwurm (Lair:8)
  7 ugly things
  2 manticores (D:12)
  The ghost of Viceroy the Sneak, an experienced DsGl (D:6)
  3 salamanders
  3 mana vipers (Snake:1)
  An apocalypse crab (Abyss:1)
  2 griffons
  Maurice (D:8)
  15 spiny frogs
  An elephant (Lair:1)
  16 black mambas
  2 gargoyles (D:13)
  A torpor snail (Lair:8)
  A kobold demonologist (Abyss:1)
  6 fire drakes
  A spriggan druid (Lair:8)
  A tengu conjurer (D:15)
  11 polar bears
  7 komodo dragons
  Prince Ribbit (D:6)
  A trapdoor spider zombie (D:12)
  9 trolls
  48 blink frogs
  6 ravens
  A hornet zombie (D:13)
  6 redbacks (Lair:8)
  6 slime creatures (D:15)
  5 boulder beetles
  2 wraiths
  9 spriggans (Lair:8)
  A water elemental (D:13)
  A vampire (D:12)
  3 shadows
  13 vampire mosquitoes
  A deep elf mage (D:13)
  45 yaks
  An air elemental (D:13)
  14 hippogriffs
  A neqoxec (Abyss:1)
  2 wyverns
  A hungry ghost (D:9)
  A fire elemental (D:13)
  Menkaure (D:4)
  4 wargs
  43 wolves
  3 nagas (Snake:1)
  2 mottled dragons
  6 soldier ants (Lair:6)
  17 water moccasins
  4 ice beasts
  Duvessa (D:6)
  10 porcupines
  4 sky beasts
  A deep dwarf (shapeshifter) (D:15)
  13 ogres
  36 orc warriors
  9 necrophages
  10 black bears
  8 phantoms
  A small abomination (Abyss:1)
  6 wasps
  10 crocodiles
  15 centaurs
  An elf zombie (Ossuary)
  7 big kobolds
  Blork the orc (D:4)
  A brain worm (D:14)
  A wyvern zombie (D:10)
  12 giant frogs
  An earth elemental (D:13)
  Dowan (D:6)
  2 wyvern skeletons
  6 killer bees
  6 scorpions
  11 wights
  5 electric eels
  3 giant frog zombies
  4 centaur zombies
  9 crimson imps
  31 orc priests
  A wasp zombie (D:6)
  A quasit (D:8)
  5 centaur skeletons
  3 giant frog skeletons
  11 hounds
  51 orc wizards
  4 jellies
  13 iguanas
  A killer bee zombie (D:11)
  3 ogre zombies (Ossuary)
  16 sheep
  39 worker ants
  2 big kobold zombies (Ossuary)
  A hound zombie (D:10)
  4 worker ant zombies
  7 mummies (Ossuary)
  Robin (D:4)
  A gnoll (shapeshifter) (D:15)
  8 gnolls
  78 river rats
  12 adders
  A white imp (Abyss:1)
  4 shadow imps
  An ooze (D:1)
  8 adder zombies
  An adder skeleton (D:9)
  3 worms
  11 giant geckos
  195 orcs
  A bat skeleton (D:4)
  7 bat zombies
  10 giant cockroaches
  16 hobgoblins
  14 jackals
  2 ball pythons
  13 bats
  A giant gecko skeleton (D:5)
  4 giant newts
  26 goblins
  A goblin zombie (Ossuary)
  A hobgoblin zombie (Ossuary)
  26 kobolds
  8 kobold zombies
  2 orc zombies
  9 quokkas
  3 quokka zombies
  10 rats
  5 rat zombies
  3 fungi
  2 plants
1286 creatures vanquished.

Vanquished Creatures (others)
  4 fungi
  2 plants (Lair:8)
  3 starspawn tentacles (Abyss:1)
  178 starspawn tentacle segments (Abyss:1)
187 creatures vanquished.

Grand Total: 1473 creatures vanquished

Notes
Turn   | Place    | Note
--------------------------------------------------------------
     0 | D:1      | Gorice, the Centaur Assassin, began the quest for the Orb.
     0 | D:1      | Reached XP level 1. HP: 17/17 MP: 1/1
   170 | D:1      | Reached skill level 1 in Short Blades
   188 | D:1      | Reached XP level 2. HP: 11/25 MP: 2/2
   614 | D:1      | Reached skill level 2 in Short Blades
   614 | D:1      | Reached XP level 3. HP: 18/30 MP: 3/3
  1138 | D:2      | Reached skill level 3 in Fighting
  1297 | D:2      | Reached XP level 4. HP: 29/38 MP: 4/4
  1379 | D:2      | Found a deep blue altar of Sif Muna.
  1541 | D:2      | Found a snail-covered altar of Cheibriados.
  1983 | D:3      | Reached skill level 3 in Short Blades
  2660 | D:3      | Reached XP level 5. HP: 23/45 MP: 5/5
  2668 | D:3      | HP: 12/45 [orc priest/nerve-wracking pain (8)]
  2889 | D:3      | Reached skill level 4 in Short Blades
  3058 | D:4      | Reached XP level 6. HP: 49/52 MP: 6/6
  3265 | D:4      | Noticed Robin
  3268 | D:4      | Noticed Blork the orc
  3281 | D:4      | Killed Robin
  3288 | D:4      | HP: 14/52 [goblin/stone[Robin] (3)]
  3298 | D:4      | Killed Blork the orc
  3298 | D:4      | Reached skill level 4 in Fighting
  3498 | D:4      | Noticed Menkaure
  3501 | D:4      | HP: 15/52 [??? (12)]
  3538 | D:5      | Entered Level 5 of the Dungeon
  3639 | D:5      | Reached skill level 5 in Short Blades
  4197 | D:5      | Reached XP level 7. HP: 36/60 MP: 7/7
  4215 | D:5      | --hmm, cursed +0 shadow dragon armour - still better than what I had!
  4327 | D:5      | Reached skill level 6 in Short Blades
  4481 | D:5      | Reached skill level 1 in Bows
  4550 | D:5      | Reached skill level 2 in Bows
  4665 | D:5      | Reached skill level 3 in Bows
  4796 | D:5      | Reached skill level 4 in Bows
  4806 | D:5      | Got a crude brass amulet
  4807 | D:5      | Identified the amulet of Grace {Spirit +Inv rPois rC+ rN+} (You found it on level 5 of the Dungeon)
  5144 | D:5      | Reached skill level 5 in Bows
  5248 | D:6      | Found a deep blue altar of Sif Muna.
  5250 | D:6      | Noticed Prince Ribbit
  5267 | D:6      | Killed Prince Ribbit
  5267 | D:6      | Reached skill level 6 in Bows
  5267 | D:6      | Reached XP level 8. HP: 52/67 MP: 6/8
  5308 | D:6      | Reached skill level 7 in Bows
  5382 | D:6      | Found a staircase to the Ecumenical Temple.
  5440 | Temple   | Entered the Ecumenical Temple
  5628 | D:6      | Reached skill level 8 in Bows
  5822 | D:6      | Noticed Dowan
  5825 | D:6      | Noticed Duvessa
  5840 | D:6      | Killed Duvessa
  5840 | D:6      | Reached skill level 9 in Bows
  5852 | D:6      | Killed Dowan
  5913 | D:6      | Noticed Viceroy's ghost (experienced DsGl)
  6107 | D:7      | Reached skill level 10 in Bows
  6171 | D:7      | Found a basalt altar of Yredelemnul.
  6542 | D:7      | Reached XP level 9. HP: 67/72 MP: 7/9
  6586 | D:7      | Reached skill level 11 in Bows
  6616 | D:7      | Found a sand-covered staircase.
  6669 | Ossuary  | Entered an ossuary
  6802 | Ossuary  | Reached skill level 1 in Armour
  7002 | Ossuary  | Reached skill level 2 in Armour
  7716 | D:7      | Reached skill level 3 in Armour
  7971 | D:8      | Noticed Maurice
  7993 | D:8      | Killed Maurice
  7993 | D:8      | Reached skill level 12 in Bows
  7993 | D:8      | Reached skill level 4 in Armour
  8103 | D:8      | HP: 20/72 [centaur/arrow (10)]
  8421 | D:8      | Reached XP level 10. HP: 46/80 MP: 5/10
  8465 | D:8      | HP: 24/80 [wight/enchanted long sword (4)]
  9034 | D:8      | Upgraded the game from 0.17-a0-968-gf8e1f1d to 0.17-a0-977-g4154171
  9073 | D:8      | Reached skill level 5 in Armour
  9173 | D:8      | Reached skill level 13 in Bows
  9507 | D:8      | Noticed a two-headed hydra
  9699 | D:8      | Killed a two-headed hydra
  9699 | D:8      | Reached skill level 6 in Armour
  9819 | D:8      | Found a blossoming altar of Fedhas.
  9826 | D:8      | Found a stormy altar of Qazlal.
 10065 | D:8      | Found an ancient bone altar of Kikubaaqudgha.
 10243 | D:7      | Reached skill level 14 in Bows
 10515 | D:9      | Found an opulent altar of Gozag.
 10598 | D:9      | Found Seoxen's Jewellery Shoppe.
 10598 | D:9      | Found a staircase to the Orcish Mines.
 10828 | D:9      | Noticed Erica
 10895 | D:9      | HP: 21/80 [yak (4)]
 11162 | D:9      | Noticed Erolcha
 11238 | D:9      | Noticed Psyche
 11496 | D:9      | Reached XP level 11. HP: 71/85 MP: 11/11
 11697 | D:9      | Found a shattered altar of Ashenzari.
 11734 | D:9      | Killed Erica
 11734 | D:9      | Reached skill level 7 in Armour
 11831 | D:9      | Found a glowing silver altar of Zin.
 11920 | D:9      | Paralysed by Psyche for 6 turns
 12179 | D:9      | Killed Erolcha
 12179 | D:9      | Reached skill level 15 in Bows
 12293 | D:9      | Found an iron altar of Okawaru.
 12301 | D:9      | Became a worshipper of Warmaster Okawaru
 12318 | D:9      | Found a bloodstained altar of Trog.
 12691 | D:6      | Reached skill level 1 in Long Blades
 12807 | D:6      | Killed Viceroy's ghost
 13170 | D:4      | Killed Menkaure
 13356 | D:10     | Entered Level 10 of the Dungeon
 13380 | D:10     | Acquired Okawaru's first power
 13380 | D:10     | Reached skill level 2 in Long Blades
 13465 | D:9      | Bought the ring of Birdsong {SustAb rPois Int+4 Dex-2 SInv} for 445 gold pieces
 13795 | D:10     | Reached skill level 8 in Armour
 14017 | D:10     | Reached skill level 3 in Long Blades
 14269 | D:10     | Noticed Fannar
 14312 | D:10     | HP: 22/85 [Fannar/Ozocubu's Refrigeration (7)]
 14317 | D:10     | HP: 12/85 [Fannar/Ozocubu's Refrigeration (7)]
 14410 | D:10     | Noticed an unseen horror
 14436 | D:10     | HP: 21/85 [unseen horror (7)]
 14438 | D:10     | Killed an unseen horror
 14438 | D:10     | Reached skill level 4 in Long Blades
 14927 | D:10     | Killed Fannar
 15210 | D:10     | Noticed a hill giant
 15259 | D:10     | Killed a hill giant
 15391 | D:11     | Noticed Urug
 15480 | D:11     | Killed Urug
 15480 | D:11     | Reached skill level 5 in Long Blades
 15501 | D:11     | Reached XP level 12. HP: 49/92 MP: 7/12
 15566 | D:11     | Reached skill level 9 in Armour
 15774 | D:10     | Received a gift from Okawaru
 15930 | D:11     | Found Rahiheff's Antique Armour Emporium.
 15996 | D:11     | Found a staircase to the Lair.
 16347 | D:11     | Received a gift from Okawaru
 16465 | D:11     | Reached skill level 6 in Long Blades
 16497 | Lair:1   | Entered Level 1 of the Lair of Beasts
 16958 | Lair:1   | HP: 24/92 [spiny frog (5)]
 16987 | Lair:1   | Received a gift from Okawaru
 17717 | Lair:1   | Found a shimmering altar of Xom.
 18177 | Lair:2   | Reached skill level 7 in Long Blades
 18267 | Lair:2   | HP: 24/92 [river rat (6)]
 18270 | Lair:2   | HP: 5/92 [black mamba (10)]
 18729 | Lair:2   | Gained mutation: You are robust (+10% HP). [potion of beneficial mutation]
 18730 | Lair:2   | Gained mutation: You are partially covered in slimy green scales (AC +2). [potion of beneficial mutation]
 18854 | Lair:2   | Reached skill level 5 in Fighting
 19622 | Lair:3   | Noticed an eight-headed hydra
 19640 | Lair:3   | Killed a six-headed hydra
 19640 | Lair:3   | Reached skill level 6 in Fighting
 19830 | Lair:3   | Received a gift from Okawaru
 19830 | Lair:3   | Reached skill level 8 in Long Blades
 20558 | Lair:3   | Noticed a five-headed hydra
 20744 | Lair:3   | Killed a three-headed hydra
 20744 | Lair:3   | Reached skill level 7 in Fighting
 21201 | Lair:4   | Noticed a six-headed hydra
 21211 | Lair:4   | Killed a six-headed hydra
 21211 | Lair:4   | Acquired Okawaru's second power
 21234 | Lair:4   | Reached XP level 13. HP: 112/115 MP: 13/13
 21335 | Lair:4   | Got a pearl-encrusted scale mail
 22003 | Lair:4   | Reached skill level 9 in Long Blades
 22061 | Lair:4   | Reached skill level 8 in Fighting
 22259 | Lair:4   | Identified the +3 scale mail of the Lizard {rElec} (You found it on level 4 of the Lair of Beasts)
 22850 | Lair:5   | HP: 35/117 [boulder beetle (31)]
 22875 | Lair:5   | HP: 35/117 [water moccasin (5)]
 23357 | Lair:4   | Received a gift from Okawaru
 24016 | Lair:5   | Received a gift from Okawaru
 24146 | Lair:5   | Found a staircase to the Snake Pit.
 24535 | Lair:5   | Reached skill level 9 in Fighting
 24694 | Lair:6   | Reached skill level 10 in Long Blades
 24758 | Lair:5   | Received a gift from Okawaru
 24759 | Lair:5   | Got a smoking glaive {god gift}
 24761 | Lair:5   | Identified the +4 glaive of Wrongful Imprisonment {pain, +Rage Int-4 Dex+4 Stlth+} (Okawaru gifted it to you on level 5 of the Lair of Beasts)
 24962 | Lair:6   | Found a staircase to the Swamp.
 25118 | Lair:6   | Noticed emiel's ghost (powerful TrMo)
 26650 | Lair:6   | Reached skill level 10 in Fighting
 26750 | Lair:6   | Killed emiel's ghost
 27061 | Lair:6   | Reached skill level 11 in Long Blades
 27382 | Lair:1   | Identified a scroll of acquirement
 27383 | Lair:1   | Got a dazzling longbow
 27384 | Lair:1   | Identified the +5 longbow of Righteous Fury {freeze, rPois} (You acquired it on level 1 of the Lair of Beasts)
 27624 | Lair:7   | Found a staircase to the Slime Pits.
 27632 | Lair:7   | Reached XP level 14. HP: 129/134 MP: 12/14
 28026 | Lair:7   | Received a gift from Okawaru
 28138 | Lair:7   | Reached skill level 11 in Fighting
 28350 | Lair:7   | Received a gift from Okawaru
 28702 | Lair:7   | Received a gift from Okawaru
 28703 | Lair:7   | Got a warped shortbow {god gift}
 28704 | Lair:7   | Identified the +3 shortbow of the Sage {speed, rN+} (Okawaru gifted it to you on level 7 of the Lair of Beasts)
 29127 | Lair:8   | Entered Level 8 of the Lair of Beasts
 29212 | Lair:8   | Reached skill level 12 in Long Blades
 29373 | Lair:8   | HP: 41/137 [blink frog (9)]
 29393 | Lair:8   | HP: 39/137 [blink frog (6)]
 29853 | Lair:8   | Reached skill level 12 in Fighting
 29865 | Lair:8   | Got a blackened war axe
 29891 | Lair:8   | Received a gift from Okawaru
 30325 | Lair:8   | Received a gift from Okawaru
 30847 | Lair:8   | Received a gift from Okawaru
 30921 | Lair:8   | --+1 triple swd of holy wrath - that's extended sorted then!
 31672 | Lair:8   | Reached skill level 13 in Long Blades
 31996 | Orc:1    | Entered Level 1 of the Orcish Mines
 32008 | Orc:1    | Found Qimymied's Book Boutique.
 32639 | Orc:2    | Reached skill level 13 in Fighting
 33047 | Orc:1    | Reached XP level 15. HP: 72/148 MP: 11/15
 33562 | Orc:3    | Found a staircase to the Elven Halls.
 34205 | Orc:4    | Entered Level 4 of the Orcish Mines
 34593 | Orc:4    | Found a roughly hewn altar of Beogh.
 34783 | Orc:4    | HP: 35/148 [orc warlord/bolt (23)]
 35307 | Orc:4    | Found a roughly hewn altar of Beogh.
 35468 | Orc:4    | Found a roughly hewn altar of Beogh.
 35686 | Orc:4    | Found a roughly hewn altar of Beogh.
 35755 | Orc:4    | Reached skill level 1 in Invocations
 35781 | Orc:4    | Found Osoown's Book Shoppe.
 35960 | Orc:4    | Found a roughly hewn altar of Beogh.
 35962 | Orc:4    | Found Gokhar's Assorted Antiques.
 35991 | Orc:4    | Bought a small bronze amulet for 120 gold pieces
 35991 | Orc:4    | Bought a scroll labeled IMUF LUIPNYDDA for 24 gold pieces
 35991 | Orc:4    | Bought a scroll labeled WARUZALEIN for 24 gold pieces
 36069 | Orc:4    | Reached skill level 2 in Invocations
 36175 | Orc:4    | Received a gift from Okawaru
 36361 | Orc:4    | Found Diek's Antique Armour Shoppe.
 36369 | Orc:4    | HP: 43/148 [orc warrior/long sword of electrocution (12)]
 36374 | Orc:4    | HP: 37/148 [orc warrior/long sword of electrocution (7)]
 36465 | Orc:4    | Found a roughly hewn altar of Beogh.
 36469 | Orc:4    | Found Ziacemij's Antique Weapon Emporium.
 37177 | Lair:1   | Upgraded the game from 0.17-a0-977-g4154171 to 0.17-a0-986-gf45d1aa
 37319 | D:12     | Found a roughly hewn altar of Beogh.
 37320 | D:12     | Reached skill level 3 in Invocations
 37864 | D:12     | Found a labyrinth entrance.
 37886 | Lab      | Entered a labyrinth
 38487 | Lab      | Received a gift from Okawaru
 38487 | Lab      | Reached skill level 4 in Invocations
 38756 | D:12     | Received a gift from Okawaru
 39133 | D:13     | Reached skill level 5 in Invocations
 39203 | D:13     | Received a gift from Okawaru
 39223 | D:13     | Found a gate to the Vaults.
 39279 | D:13     | Reached skill level 6 in Invocations
 39300 | D:13     | Noticed Frances
 39510 | D:13     | Killed Frances
 39510 | D:13     | Received a gift from Okawaru
 39792 | D:13     | Reached skill level 14 in Fighting
 39808 | D:13     | Found a large runed door.
 39808 | D:13     | Found a large runed door.
 40422 | D:13     | Reached skill level 7 in Invocations
 40988 | D:14     | Received a gift from Okawaru
 41052 | D:14     | HP: 30/152 [skeletal warrior/glaive (23)]
 41068 | D:14     | HP: 29/152 [wolf spider zombie (4)]
 41894 | D:14     | Received a gift from Okawaru
 41894 | D:14     | Reached skill level 8 in Invocations
 41934 | D:14     | Upgraded the game from 0.17-a0-986-gf45d1aa to 0.17-a0-1011-gfa70bdd
 41986 | D:15     | Entered Level 15 of the Dungeon
 42163 | D:15     | Found an iron altar of Okawaru.
 42249 | D:15     | Received a gift from Okawaru
 42377 | D:15     | Reached XP level 16. HP: 54/161 MP: 14/22
 42390 | D:15     | HP: 48/161 [centaur zombie (4)]
 42410 | D:15     | HP: 48/161 [giant frog (3)]
 42452 | D:15     | Found a shadowy altar of Dithmenos.
 42588 | D:15     | Noticed Sonja
 42777 | D:15     | Cast into the Abyss (Sonja)
 42782 | Abyss:1  | Found a corrupted altar of Lugonu.
 42894 | Abyss:1  | Reached skill level 15 in Fighting
 42913 | Abyss:1  | Noticed a tentacled starspawn
 43090 | D:15     | Escaped the Abyss
 43260 | D:15     | Found a staircase to the Depths.
 43284 | D:15     | Reached skill level 10 in Armour
 43420 | D:15     | Killed Sonja
 43663 | D:15     | Noticed Agnes
 43679 | D:15     | HP: 40/163 [Agnes/lajatang (11)]
 43679 | D:15     | HP: 16/163 [Agnes/lajatang (24)]
 43682 | D:15     | Killed Agnes
 44831 | Snake:1  | Entered Level 1 of the Snake Pit
 44911 | Snake:1  | Gained mutation: You are partially covered in molten scales (AC +1). [potion of beneficial mutation]
 44946 | Snake:1  | Reached skill level 11 in Armour
 45131 | Snake:1  | Received a gift from Okawaru
 45144 | Snake:1  | HP: 38/163 [salamander/glaive (12)]
 45147 | Snake:1  | HP: 17/163 [salamander/glaive (9)]
 45152 | Snake:1  | HP: 8/163 [naga/glaive (4)]
 45154 | Snake:1  | HP: 2/163 [naga/hand axe (2)]
 45154 | Snake:1  | Mangled by a salamander

Vault maps used:
D:1:      dpeg_arrival_snail, serial_forest, infiniplex_forest_lined_ring,
          infiniplex_forest_lined_room_2, infiniplex_forest_lined_corner,
          infiniplex_forest_clump_diagonal, infiniplex_forest_straight_4,
          infiniplex_forest_clump_medium, minmay_quantized
D:2:      lemuel_round_altar, overflow_temple_1_default, first_bread
D:3:      minmay_door_square
D:4:      uniq_menkaure, uniq_robin, uniq_blork_the_orc
D:6:      kennysheep_six_static_rooms, minmay_temple_entry_statues_pillars,
          basic_altar, uniq_duvessa, uniq_prince_ribbit1
D:7:      old_standard_altar, enter_ossuary_3
D:8:      grunt_temple_overflow_forces_of_nature,
          lemuel_zombie_altar_kikubaaqudgha, hangedman_ranch, centaur_isle,
          uniq_maurice
D:9:      lemuel_crystal_altar, kennysheep_little_box, evilmike_ruin_ashenzari,
          okawaru_gym_becter, lemuel_round_altar, orc_0_dummy, serial_shops,
          shop, uniq_psyche, uniq_erica, uniq_erolcha
D:10:     uniq_fannar
D:11:     lair_0_dummy, serial_shops, shop, uniq_urug
D:12:     lab_entry_generic, david_defended_altar_orc
D:13:     lightli_vaults_fourway_checkpoint, lightli_elemental_guards,
          uniq_frances
D:14:     minmay_misc_feat_secret_circle, minmay_large_rounded_square
D:15:     hangedman_depths_entry_try_elsewhere_first,
          grunt_dithmenos_smoke_and_mirrors, basic_altar,
          minmay_misc_feat_encased, uniq_agnes, uniq_sonja
Temple:   circular_temple_pool_8
Lair:1:   basic_altar, nicolae_lair_grove_arrangements, serial_bayou_pond_a,
          serial_bayou_shore_a
Lair:3:   statuecave_lemuel, beast_lair_carwin_11, lemuel_fruit_tree
Lair:5:   boulder_quad_collide, dummy_snake_entry, grunt_forest_small_clearings,
          st_stairs_12, roderic_carrion_pond
Lair:6:   minmay_swamp_entry_swarm, zaba_antful_of_joy
Lair:7:   minmay_slime_entry_oklob_open, infiniplex_staircase_pool,
          wad_woods_river_01
Lair:8:   minmay_lair_end_enchanted_forest, minivault_11
Snake:1:  cheibrodos_snake_ritualist_ritual, library_closet
Orc:1:    serial_shops, nicolae_shop_stone, mines4_lemuel
Orc:3:    nicolae_orc_pool_cavern
Orc:4:    grunt_orc_community_town_hall, grunt_orc_community_big_house_1,
          grunt_orc_community_big_house_2, grunt_orc_community_house_1,
          grunt_orc_community_house_1, grunt_orc_community_house_3,
          grunt_orc_community_house_1, grunt_orc_community_house_3,
          nicolae_orc_stony_grotto
Abyss:1:  evilmike_abyss_exit_9
Lab:      nicolae_lab_diamond, nicolae_lab_arrow
Ossuary:  ossuary_boxes_badplayer

Action                   |  1- 3 |  4- 6 |  7- 9 | 10-12 | 13-15 | 16-18 || total
-------------------------+-------+-------+-------+-------+-------+-------++-------
Melee: Dagger            |   134 |   290 |   527 |   237 |     2 |       ||  1190
       Short sword       |    17 |       |       |       |       |       ||    17
       Battleaxe         |       |       |     4 |       |       |       ||     4
       Unarmed           |       |       |     1 |       |       |       ||     1
       Long sword        |       |       |     3 |    40 |       |       ||    43
       Shortbow          |       |       |       |     1 |       |       ||     1
       Scimitar          |       |       |       |   514 |  2076 |   121 ||  2711
 Fire: Blowgun           |     9 |    47 |    26 |    11 |    10 |     1 ||   104
       Shortbow          |       |       |   258 |  1245 |   597 |       ||  2100
       Longbow           |       |       |       |       |   630 |   259 ||   889
Throw: Stone             |       |       |    21 |     6 |       |       ||    27
       Tomahawk          |       |       |    17 |       |       |       ||    17
       Javelin           |       |       |       |       |     2 |       ||     2
Invok: Heroism           |       |       |       |     5 |    18 |     3 ||    26
       Finesse           |       |       |       |       |     1 |     1 ||     2
 Abil: Evoke Invisibilit |       |       |       |       |     1 |       ||     1
Evoke: Wand              |       |       |     1 |     3 |     1 |     2 ||     7
  Use: Scroll            |     5 |     9 |    10 |     9 |     7 |     3 ||    43
       Potion            |       |     2 |       |     6 |       |     4 ||    12
 Stab: Sleeping          |     1 |       |    16 |       |     5 |       ||    22
       Fleeing           |       |       |       |       |     1 |       ||     1
       Distracted        |       |       |       |       |     2 |       ||     2
       Petrified         |       |       |       |       |       |     1 ||     1
  Eat: Chunk             |       |     6 |     8 |    33 |    45 |     4 ||    96
       Pizza             |       |     1 |       |     1 |     1 |     3 ||     6
       Meat ration       |       |       |     1 |       |     1 |       ||     2
       Bread ration      |       |       |       |       |     1 |       ||     1
       Beef jerky        |       |       |       |       |     1 |       ||     1

Table legend:
 A = Turns spent in this place as a percentage of turns spent in the entire game.
 B = Non-inter-level travel turns spent in this place as a percentage of non-inter-level travel turns spent in the entire game.
 C = Inter-level travel turns spent in this place as a percentage of turns spent in this place.
 D = Turns resting spent in this place as a percentage of non-inter-level travel turns spent in this place.
 E = Turns spent auto-exploring this place as a percentage of non-inter-level travel turns spent in this place.
 F = Non-inter-level travel turns spent in this place divided by the number of levels of this place that you've seen.
                   A       B       C       D       E      F
               +-------+-------+-------+-------+-------+----------------------
         Total | 100.0 | 100.0 |   0.3 |   1.2 |   2.3 | 750.1
       Dungeon |  48.0 |  48.0 |   0.3 |   1.1 |   2.8 | 768.0
        Temple |   0.0 |   0.0 |  10.0 |   0.0 |  77.8 |   9.0
          Lair |  31.3 |  31.3 |   0.4 |   1.2 |   2.1 | 938.9
     Snake Pit |   1.1 |   1.1 |   0.0 |   0.0 |   2.2 | 274.0
  Orcish Mines |  12.8 |  12.8 |   0.4 |   1.9 |   1.3 | 766.5
         Abyss |   1.4 |   1.4 |   0.0 |   0.9 |   0.0 | 339.0
     Labyrinth |   2.7 |   2.8 |   0.0 |   0.0 |   0.0 | 662.0
       Ossuary |   2.6 |   2.6 |   0.0 |   1.6 |   0.6 | 623.0
               +-------+-------+-------+-------+-------+----------------------

Vault maps used:
D:1:      dpeg_arrival_snail, serial_forest, infiniplex_forest_lined_ring,
          infiniplex_forest_lined_room_2, infiniplex_forest_lined_corner,
          infiniplex_forest_clump_diagonal, infiniplex_forest_straight_4,
          infiniplex_forest_clump_medium, minmay_quantized
D:2:      lemuel_round_altar, overflow_temple_1_default, first_bread
D:3:      minmay_door_square
D:4:      uniq_menkaure, uniq_robin, uniq_blork_the_orc
D:6:      kennysheep_six_static_rooms, minmay_temple_entry_statues_pillars,
          basic_altar, uniq_duvessa, uniq_prince_ribbit1
D:7:      old_standard_altar, enter_ossuary_3
D:8:      grunt_temple_overflow_forces_of_nature,
          lemuel_zombie_altar_kikubaaqudgha, hangedman_ranch, centaur_isle,
          uniq_maurice
D:9:      lemuel_crystal_altar, kennysheep_little_box, evilmike_ruin_ashenzari,
          okawaru_gym_becter, lemuel_round_altar, orc_0_dummy, serial_shops,
          shop, uniq_psyche, uniq_erica, uniq_erolcha
D:10:     uniq_fannar
D:11:     lair_0_dummy, serial_shops, shop, uniq_urug
D:12:     lab_entry_generic, david_defended_altar_orc
D:13:     lightli_vaults_fourway_checkpoint, lightli_elemental_guards,
          uniq_frances
D:14:     minmay_misc_feat_secret_circle, minmay_large_rounded_square
D:15:     hangedman_depths_entry_try_elsewhere_first,
          grunt_dithmenos_smoke_and_mirrors, basic_altar,
          minmay_misc_feat_encased, uniq_agnes, uniq_sonja
Temple:   circular_temple_pool_8
Lair:1:   basic_altar, nicolae_lair_grove_arrangements, serial_bayou_pond_a,
          serial_bayou_shore_a
Lair:3:   statuecave_lemuel, beast_lair_carwin_11, lemuel_fruit_tree
Lair:5:   boulder_quad_collide, dummy_snake_entry, grunt_forest_small_clearings,
          st_stairs_12, roderic_carrion_pond
Lair:6:   minmay_swamp_entry_swarm, zaba_antful_of_joy
Lair:7:   minmay_slime_entry_oklob_open, infiniplex_staircase_pool,
          wad_woods_river_01
Lair:8:   minmay_lair_end_enchanted_forest, minivault_11
Snake:1:  cheibrodos_snake_ritualist_ritual, library_closet
Orc:1:    serial_shops, nicolae_shop_stone, mines4_lemuel
Orc:3:    nicolae_orc_pool_cavern
Orc:4:    grunt_orc_community_town_hall, grunt_orc_community_big_house_1,
          grunt_orc_community_big_house_2, grunt_orc_community_house_1,
          grunt_orc_community_house_1, grunt_orc_community_house_3,
          grunt_orc_community_house_1, grunt_orc_community_house_3,
          nicolae_orc_stony_grotto
Abyss:1:  evilmike_abyss_exit_9
Lab:      nicolae_lab_diamond, nicolae_lab_arrow
Ossuary:  ossuary_boxes_badplayer
